 Dungeon Crawl Stone Soup version 0.20.1-1-g8b1a95d (webtiles) character file.

721 gungr the Changer (level 7, -6/43 HPs)
             Began as an Octopode Transmuter on Oct 29, 2017.
             Was a Follower of Okawaru.
             Mangled by a centaur (7 damage)
             ... on level 5 of the Dungeon.
             The game lasted 00:11:23 (4893 turns).

gungr the Changer (Octopode Transmuter)             Turns: 4893, Time: 00:11:24

Health: -6/43      AC:  1    Str:  9    XL:     7   Next: 70%
Magic:  10/10      EV: 12    Int: 18    God:    Okawaru [*.....]
Gold:   198        SH:  3    Dex: 12    Spells: 4/10 levels left

rFire    . . .     SeeInvis .     - Unarmed
rCold    . . .     Gourm    .   m - +0 buckler
rNeg     + . .     Faith    .   (helmet restricted)
rPois    .         Spirit   .   (no amulet)
rElec    .         Reflect  .   f - ring of stealth
rCorr    .         Harm     .   p - ring of positive energy
MR       .....                  (no ring)
Stlth    +++.......             (no ring)
Regen    0.2/turn               (no ring)
MPRegen  0.2/turn               (no ring)
                                (no ring)
                                (no ring)

@: no status effects
A: almost no armour, stealthy swim, amphibious, 8 rings, constrict 8, camouflage
1, gelatinous body 1
a: Heroism, Renounce Religion


You were on level 5 of the Dungeon.
You worshipped Okawaru.
Okawaru was aware of your devotion.
You were not hungry.

You visited 1 branch of the dungeon, and saw 5 of its levels.

You collected 198 gold pieces.

Inventory:

Missiles
 a - 46 arrows
Armour
 m - a +0 buckler (worn)
Jewellery
 f - a ring of stealth (left tentacle)
 p - a ring of positive energy (right tentacle)
Wands
 y - a wand of lightning (2/15)
Scrolls
 e - 4 scrolls of teleportation
 g - a scroll of amnesia {unknown}
 h - a scroll of fear {unknown}
 i - a scroll of enchant weapon {unknown}
 l - a scroll of recharging {unknown}
 v - 3 scrolls of blinking {unknown}
 w - a scroll of identify {unknown}
 z - a scroll of noise {unknown}
 A - a scroll of random uselessness {unknown}
 C - a scroll of immolation {unknown}
Potions
 c - a potion of brilliance {unknown}
 d - a potion of magic {unknown}
 j - a potion of flight {unknown}
 k - a potion of curing {unknown}
 n - a potion of haste {unknown}
 o - a potion of invisibility {unknown}
 s - a potion of agility {unknown}
 u - a potion of resistance {unknown}
 x - 2 potions of lignification
Books
 b - a book of Changes

   Spells                             Type                      Level
   a - Beastly Appendage              Transmutation                1
   b - Sticks to Snakes               Transmutation                2
   c - Spider Form                    Transmutation/Poison         3
   d - Ice Form                       Ice/Transmutation            4
   e - Blade Hands                    Transmutation                5
 B - a book of Minor Magic

   Spells                             Type                      Level
   a - Magic Dart                     Conjuration                  1
   b - Blink                          Translocation                2
   c - Call Imp                       Summoning                    2
   d - Slow                           Hexes                        2
   e - Conjure Flame                  Conjuration/Fire             3
   f - Mephitic Cloud                 Conjuration/Poison/Air       3
Comestibles
 q - 2 royal jellies
 t - 2 fruits


   Skills:
 - Level 1.0 Fighting
 - Level 2.0 Dodging
 - Level 5.4 Unarmed Combat
 - Level 2.0 Spellcasting
 + Level 7.1 Transmutations


You had 4 spell levels left.
You knew the following spells:

 Your Spells              Type           Power        Failure   Level  Hunger
a - Beastly Appendage     Tmut           ####..       1%          1    #......
b - Sticks to Snakes      Tmut           ####....     2%          2    ###....
c - Spider Form           Tmut/Pois      ##........   22%         3    ###....


Dungeon Overview and Level Annotations

Branches:
Dungeon (5/15)
 Temple: D:4-7

Altars:
Dithmenos
Makhleb
Okawaru
Uskayaw
Vehumet
Xom
Yredelemnul
The Shining One


Innate Abilities, Weirdness & Mutations

You cannot wear most types of armour.
You are very stealthy in the water. (Stealth+)
You are amphibious.
You can wear up to eight rings at the same time.
You can use your tentacles to constrict eight enemies at once.
Your skin changes colour to match your surroundings (Stealth+).
Your rubbery body absorbs attacks. (AC +1, EV +1)


Message History

The centaur hits you! You block the centaur's attack.
You tentacle-slap the centaur but do no damage.
The centaur hits you.
You tentacle-slap the centaur. You squeeze the centaur.
The centaur is moderately wounded.
The centaur hits you! x2
* * * LOW HITPOINT WARNING * * *
You tentacle-slap the centaur.
The centaur is heavily wounded.
The centaur hits you.
* * * LOW HITPOINT WARNING * * *
You tentacle-slap the centaur. x2
The centaur is almost dead.
The centaur hits you.
* * * LOW HITPOINT WARNING * * *
The centaur closely misses you.
You barely miss the centaur.
The centaur is almost dead.
The centaur hits you!
You die...

## # .# #.#####.###
# #.#.......#
......##.##.#
.....##.##.#...#.#
.....#...#.(.((c.#
.......c...#...#@###
....c#........##...#
.....##.#.##)......#
..........##)#.##..#
......##...(....#..#
..(...#...#........#
....#.......#.).#..#
###.#.#...#.##.##..#
#.#.##.##........#


You could see a centaur.

Vanquished Creatures
  2 centaurs (D:5)
  An ogre (D:4)
  A bullfrog (D:3)
  The ghost of letownia2 the Grave Robber, a weakling DDNe (D:4)
  A centaur skeleton (D:4)
  Natasha (D:3)
  An iguana (D:4)
  An orc wizard (D:4)
  3 worker ants
  5 adders
  2 adder skeletons
  A leopard gecko (D:4)
  11 orcs
  5 giant cockroaches (D:1)
  3 goblins
  3 hobgoblins
  5 jackals (D:1)
  2 quokkas
  A ball python (D:3)
  6 bats
  6 frilled lizards
  4 kobolds
  5 rats
71 creatures vanquished.

Vanquished Creatures (collateral kills)
  Sigmund (D:2)
  An orc priest (D:3)
  An orc wizard (D:5)
  A worker ant (D:5)
  An adder (D:2)
  2 orcs
  A frilled lizard (D:2)
8 creatures vanquished.

Grand Total: 79 creatures vanquished

Notes
Turn   | Place    | Note
-------+----------+-------------------------------------------
     0 | D:1      | gungr the Octopode Transmuter began the quest for the Orb.
     0 | D:1      | Reached XP level 1. HP: 13/13 MP: 3/3
    41 | D:1      | Reached XP level 2. HP: 7/18 MP: 5/5
   881 | D:2      | Reached XP level 3. HP: 23/23 MP: 6/6
   995 | D:2      | Learned a level 2 spell: Sticks to Snakes
  1174 | D:2      | Noticed Sigmund
  1192 | D:2      | Killed Sigmund
  1192 | D:2      | Reached skill level 5 in Unarmed Combat
  1192 | D:2      | Reached XP level 4. HP: 21/28 MP: 1/7
  1219 | D:2      | Reached XP level 5. HP: 24/33 MP: 0/8
  1506 | D:3      | Found a basalt altar of Yredelemnul.
  1507 | D:3      | Found a shimmering altar of Xom.
  1616 | D:3      | Reached skill level 3 in Transmutations
  1648 | D:3      | Found a radiant altar of Vehumet.
  1648 | D:3      | Found a shadowy altar of Dithmenos.
  1649 | D:3      | Found a burning altar of Makhleb.
  1913 | D:3      | Noticed Natasha
  1934 | D:3      | Killed Natasha
  1985 | D:3      | Found an iron altar of Okawaru.
  1998 | D:3      | Became a worshipper of Warmaster Okawaru
  2033 | D:3      | Found a hide-covered altar of Uskayaw.
  2385 | D:3      | Reached skill level 4 in Transmutations
  2385 | D:3      | Reached XP level 6. HP: 37/38 MP: 2/9
  2390 | D:3      | Learned a level 3 spell: Spider Form
  2796 | D:4      | Noticed letownia2's ghost (weakling DDNe)
  2812 | D:4      | HP: 1/38 [letownia2's ghost (5)]
  2814 | D:4      | Killed letownia2's ghost
  3146 | D:4      | Reached skill level 5 in Transmutations
  3417 | D:4      | Found a glowing golden altar of the Shining One.
  3503 | D:4      | Reached XP level 7. HP: 43/43 MP: 2/10
  3653 | D:4      | Reached skill level 6 in Transmutations
  3862 | D:5      | Entered Level 5 of the Dungeon
  3879 | D:5      | Reached * piety under Okawaru
  4451 | D:5      | Reached skill level 7 in Transmutations
  4891 | D:5      | HP: 2/43 [centaur (1)]
  4893 | D:5      | Mangled by a centaur

Skill      XL: |  1  2  3  4  5  6  7 |
---------------+----------------------+-----
Unarmed Combat | 4 5 |  5.4
Transmutations | 4 5 7 |  7.1
Fighting       | |  1.0
Dodging        | |  2.0
Spellcasting   | |  2.0

Action                   |  1- 3 |  4- 6 |  7- 9 || total
-------------------------+-------+-------+-------++-------
Melee: Unarmed           |    55 |   100 |    54 ||   209
       Constrict         |    16 |    22 |     5 ||    43
       Tentacles         |    10 |     6 |     6 ||    22
       Kick              |     3 |       |     4 ||     7
       Punch             |     1 |     5 |     3 ||     9
 Cast: Beastly Appendage |     1 |       |     2 ||     3
       Sticks to Snakes  |     6 |    19 |    10 ||    35
  Use: Potion            |       |     2 |     1 ||     3
       Scroll            |       |     1 |       ||     1
 Stab: Sleeping          |    13 |     6 |       ||    19
  Eat: Bread ration      |     1 |     1 |     1 ||     3
       Royal jelly       |       |     1 |       ||     1
Armor: Skin              |     5 |     9 |     6 ||    20
Dodge: Dodged            |    40 |    41 |    29 ||   110
Block: Buckler           |     3 |     8 |     6 ||    17
